 Dungeon Crawl Stone Soup version 0.32-a0-20-ge526923d97 (webtiles) character file.

Game seed: 842352476794494064

46 PriceMaster the Sneak (level 3, 0/25 HPs)
             Began as a Human Enchanter on Jan 18, 2024.
             Slain by an adder (2 damage)
             ... on level 3 of the Dungeon.
             The game lasted 00:02:08 (1544 turns).

PriceMaster the Sneak (Human Enchanter)             Turns: 1544, Time: 00:02:10

Health: 0/25       AC:  2    Str:  8    XL:     3   Next: 68%
Magic:  4/6        EV: 12    Int: 15    God:
Gold:   142        SH:  0    Dex: 15    Spells: 4/6 levels left

rFire   . . .        i - +2 whip (elec)
rCold   . . .        (no shield)
rNeg    . . .        b - +0 robe
rPois   .            (no helmet)
rElec   .            (no cloak)
rCorr   .            (no gloves)
SInv    .            (no boots)
Will    .....        (no amulet)
Stlth   ++           (no ring)
HPRegen 0.24/turn    (no ring)
MPRegen 0.10/turn

%: no passive effects
@: lethally poisoned (0 -> -6), invisible
A: explore regen
a: no special abilities


You were on level 3 of the Dungeon.
You visited 1 branch of the dungeon, and saw 3 of its levels.

You collected 142 gold pieces.

Inventory:

Hand Weapons
 a - a +1 dagger
 i - a +2 whip of electrocution (weapon)
Armour
 b - a +0 robe (worn)
Scrolls
 e - a scroll of immolation {unknown}
 f - a scroll of identify {unknown}
 g - a scroll of butterflies {unknown}
 h - 2 scrolls of teleportation {unknown}
 j - a scroll of enchant weapon {unknown}
 m - a scroll of fog {unknown}
Potions
 c - a potion of invisibility
 d - a potion of heal wounds {unknown}
 k - a potion of curing {unknown}
 l - 2 potions of haste {unknown}


   Skills:
 + Level 0.5 Fighting
 - Level 1.0 Short Blades
 + Level 1.0 Maces & Flails
 + Level 2.2 Dodging
 * Level 3.6 Stealth
 + Level 2.2 Spellcasting
 + Level 3.3 Hexes


You had 4 spell levels left.
You knew the following spells:

 Your Spells              Type           Power      Damage    Failure   Level
a - Ensorcelled Hibernat  Hex/Ice        12%        N/A       17%         2

Your spell library contained the following spells:

 Spells                   Type           Power      Damage    Failure   Level
 Confusing Touch          Hex            11%        N/A       16%         3
 Tukima's Dance           Hex            11%        N/A       16%         3
 Dazzling Flash           Conj/Hex       12%        N/A       32%         3


Dungeon Overview and Level Annotations

Branches:
Dungeon (3/15)

Altars:


Innate Abilities, Weirdness & Mutations

You regain HP and MP as you explore.


Message History

The adder poisons you!
You barely miss the adder. You punch the adder.
The adder is heavily wounded.
You feel sick. The jackal closely misses you. The adder bites you.
You are more poisoned.
The adder poisons you! The jackal closely misses you.
You closely miss the adder.
The adder is heavily wounded.
You feel very sick. The adder misses you. The jackal misses you.
Casting: Ensorcelled Hibernation (safe; 17% risk of failure)
Confirm with . or Enter, or press ? or * to list all spells.
Aiming: Ensorcelled Hibernation (safe; 17% risk of failure)
Press: ? - help, Shift-Dir - straight line, f - adder
Aim: an adder (heavily wounded, chance to affect: 49%)
The adder looks drowsy...
You feel sick. The jackal barely misses you. The jackal misses you.
The helpless adder fails to defend itself.
You hit the adder but do no damage.
The adder is moderately wounded.
You feel sick. The adder barely misses you. The jackal bites you.
The adder closely misses you.
You closely miss the adder.
The adder is moderately wounded.
You feel sick. The jackal misses you. The jackal closely misses you.
The adder closely misses you. The jackal misses you. The jackal bites you.
You miss the adder.
The adder is moderately wounded.
You feel sick. The adder closely misses you. The jackal completely misses you.
The jackal closely misses you. The adder bites you.
* * * LOW HITPOINT WARNING * * *
You are lethally poisoned!
The adder poisons you!
You fade into invisibility!
* * * LOW HITPOINT WARNING * * *
You feel very sick. The jackal bites you.
* * * LOW HITPOINT WARNING * * *
The jackal misses you. The adder bites you.
You die...

#P. ... #..# ..##
########..####...##
.................#
.................##
.>###.................
..................#
#.........@.....#
#<......hhS...##
###...........##
#.†.....$.....#
.....#####..##.....
..#.## ..## #...## #
..## ##... ..# #[. ..


You could see an adder (unable to see you) and 2 jackals.

Vanquished Creatures
  2 adders (D:2)
  4 bats
  3 endoplasms
  3 giant cockroaches
  3 goblins
  2 hobgoblins
  5 ball pythons
  A frilled lizard (D:2)
  3 kobolds
  2 rats (D:2)
28 creatures vanquished.

Notes
Turn   | Place    | Note
-------+----------+-------------------------------------------
     0 | D:1      | PriceMaster the Human Enchanter began the quest for the
                  | Orb.
     0 | D:1      | Reached XP level 1. HP: 13/13 MP: 3/3
   533 | D:1      | Reached XP level 2. HP: 19/19 MP: 5/5
   543 | D:1      | Learned a level 2 spell: Ensorcelled Hibernation
   643 | D:1      | Found a faded altar of an unknown god.
   906 | D:2      | Reached XP level 3. HP: 22/24 MP: 6/6
  1093 | D:2      | Reached skill level 1 in Maces & Flails
  1544 | D:3      | Slain by an adder

Illustrated notes

Levels and vault maps discovered:
D:1:      giann_forest_graveyard, layout_basic, serial_corexii_hall,
          corexii_hall_statues_t, chequers_hall_statues_y,
          hellmonk_ecumenical_altar_heavens_door
D:2:      layout_loops_ring, serial_aquarium, aquarium_bridge_straight
          [aquarium_subvault_bridge, aquarium_subvault_balcony,
          aquarium_subvault_bridge, aquarium_subvault_window],
          aquarium_window_corridor_2, aquarium_window_corner, aquarium_window_2,
          aquarium_view_2e, aquarium_view_2b, nicolae_twisty_statue_hallways
D:3:      corexii_shack_village, layout_rooms, uniq_jessica

Skill      XL: |  1  2  3 |
---------------+----------+-----
Maces & Flails | 1 |  1.0
Fighting       | |  0.5
Short Blades   | |  1.0
Dodging        | |  2.2
Stealth        | |  3.6
Spellcasting   | |  2.2
Hexes          | |  3.3

Action                     || total
---------------------------++-------
  Melee: Dagger            ||    18
         Whip              ||    76
         Punch             ||     1
   Cast: Ensorcelled Hiber ||     1
    Use: Potion            ||     1
   Stab: Sleeping          ||    13
         Distracted        ||     1
 Armour: Robe              ||    51
  Dodge: Dodged            ||    87

Table legend: (Time is in decaauts)
 A = Elapsed time spent in this place.
 B = Non-inter-level travel time spent in this place.
 C = Inter-level travel time spent in this place.
 D = Time resting spent in this place.
 E = Time spent auto-exploring this place.
 F = Levels seen in this place.
 G = Mean time per level.
                   A        B        C        D        E       F      G
               +--------+--------+--------+--------+--------+-----+--------+
         Total |   1547 |   1471 |     76 |      0 |   1228 |   3 |  515.7 |
       Dungeon |   1547 |   1471 |     76 |      0 |   1228 |   3 |  515.7 |
               +--------+--------+--------+--------+--------+-----+--------+

Top non-repeatable levels by time:
     D:1: 825 daAuts
     D:2: 703 daAuts
     D:3: 19 daAuts
